 Dungeon Crawl Stone Soup version 0.30.1-4-g462c640d31 (webtiles) character file.

Game seed: 1554088278027187403

7408 lonewolfV2 the Grappler (level 10, -2/147 HPs)
             Began as a Troll Berserker on Aug 28, 2023.
             Was an Elder of Trog.
             Slain by a killer bee (6 damage)
             ... on level 9 of the Dungeon.
             The game lasted 00:14:22 (8243 turns).

lonewolfV2 the Grappler (Troll Berserker)           Turns: 8243, Time: 00:14:22

Health: -2/147     AC:  4    Str: 31    XL:     10   Next: 92%
Magic:  9/9        EV: 11    Int:  3    God:    Trog [****..]
Gold:   887        SH:  0    Dex:  9    Spells: 9/9 levels left

rFire   . .          .
                       - Unarmed
rCold   . . .        (no shield)
rNeg    + . .        a - +0 animal skin
rPois   +            (helmet restricted)
rElec   .            (no cloak)
rCorr   .            (gloves unavailable)
SInv    .            (boots unavailable)
Will    ++...        n - amulet of regeneration Stlth
                     q - ring of positive energy
HPRegen 3.04/turn    y - ring of poison resistance
MPRegen 0.11/turn

%: no passive effects
@: berserking, lethally poisoned (-2 -> -3), strong-willed, regenerating, very
quick
A: large, unfitting armour, claws 3, regeneration 1, shaggy fur 1, tough skin 1
a: Renounce Religion, Berserk, Trog's Hand, Brothers in Arms


You were on level 9 of the Dungeon.
You worshipped Trog.
Trog was greatly pleased with you.
You visited 1 branch of the dungeon, and saw 9 of its levels.
You also visited: Ossuary.

You collected 887 gold pieces.

Inventory:

Hand Weapons
 G - a +0 vampiric broad axe
Missiles
 d - 2 throwing nets
Armour
 a - a +0 animal skin (worn)
Jewellery
 n - an amulet of regeneration (around neck)
 q - a ring of positive energy (left claw)
 y - a ring of poison resistance (right claw)
 z - a ring of willpower
 E - a ring of resist corrosion
Wands
 m - a wand of flame (3) (quivered)
 t - a wand of digging (5)
 x - a wand of quicksilver (3)
 I - a wand of paralysis (7)
Scrolls
 i - 2 scrolls of enchant weapon
 j - 5 scrolls of fear
 p - 4 scrolls of amnesia
 s - a scroll of butterflies
 v - 2 scrolls of blinking
 B - 4 scrolls of poison
 C - a scroll of silence
 D - a scroll of magic mapping
 H - a scroll of vulnerability {unknown}
 J - a scroll of teleportation
Potions
 b - 5 potions of heal wounds
 c - a potion of magic {unknown}
 e - 5 potions of lignification
 f - 8 potions of curing
 g - a potion of berserk rage {unknown}
 h - 5 potions of brilliance
 k - 3 potions of mutation
 l - 2 potions of degeneration
 o - 5 potions of haste
 r - 2 potions of ambrosia {unknown}
 u - 3 potions of might
 w - 3 potions of cancellation
 A - 2 potions of flight {unknown}


   Skills:
 + Level 6.2 Fighting
 + Level 0.7 Axes
 + Level 7.8 Dodging
 + Level 2.4 Stealth
 + Level 12.1 Unarmed Combat
 + Level 1.1 Evocations


You had 9 spell levels left.
You didn't know any spells.
Your spell library was empty.

Dungeon Overview and Level Annotations

Branches:
Dungeon (9/15)             Temple (0/1) D:7            Lair (0/5) D:8
Ossuary (visited)
    Orc: D:9-12

Altars:
Ashenzari
Dithmenos
Elyvilon
Fedhas
Gozag
Qazlal
Ru
Xom
Yredelemnul
Zin
The Shining One

Shops:
D:2 (   D:3 *


Innate Abilities, Weirdness & Mutations

You are too large for most types of armour.
You have claws for hands.
Your natural rate of healing is unusually fast.
You are covered in fur. (AC +1)
You have tough skin. (AC +1)


Message History

The killer bee stings you.
You see here a killer bee corpse.
You miss the killer bee.
You feel sick. The killer bee stings you. x4
You miss the killer bee. Your claw misses the killer bee.
The killer bee closely misses you. The killer bee stings you.
* * * LOW HITPOINT WARNING * * *
The killer bee stings you.
* * * LOW HITPOINT WARNING * * *
The killer bee barely misses you.
You barely miss the killer bee.
You feel sick.
You are no longer poisoned.
The killer bee stings you but does no damage.
The killer bee stings you.
* * * LOW HITPOINT WARNING * * *
The killer bee stings you!
* * * LOW HITPOINT WARNING * * *
The killer bee stings you.
* * * LOW HITPOINT WARNING * * *
You mangle the killer bee!!
You feel the power of Trog in you as your rage grows.
You kill the killer bee!
Trog accepts your kill. The killer bee stings you!
* * * LOW HITPOINT WARNING * * *
You are poisoned.
The killer bee poisons you! The killer bee closely misses you.
The killer bee barely misses you.
You miss the killer bee.
You feel sick. The killer bee stings you!
* * * LOW HITPOINT WARNING * * *
The killer bee completely misses you. The killer bee misses you.
You claw the killer bee!
The killer bee is heavily wounded.
You feel sick. The killer bee misses you.
The killer bee stings you but does no damage. x2
You barely miss the killer bee. Your claw misses the killer bee.
The killer bee is heavily wounded.
You feel sick. The killer bee stings you.
* * * LOW HITPOINT WARNING * * *
The killer bee closely misses you. The killer bee stings you.
You die...

#########
#.......#..## ####
#.......#..... ....
.......#.... ....
#......#...########
#......#...#......#
#......#...#......#
#y@....#...#......# #
#y.y...#...##'#####
#.#'######...........
#..........####......
#......##### #......
..........# #######
....######## .... ###


You could see 3 killer bees.

Vanquished Creatures
  2 two-headed ogres (D:9)
  Amaemon (D:9)
  An orange demon (D:9)
  A komodo dragon (D:8)
  Sigmund (D:2)
  A steam dragon (D:8)
  2 water moccasins
  3 ice beasts
  4 orc warriors
  2 sky beasts (D:7)
  3 ogres
  3 centaurs
  2 phantoms
  A kobold brigand (D:8)
  5 bullfrogs
  3 necrophages (D:5)
  3 scorpions
  8 wights
  11 killer bees
  The ghost of ranchalot the Chopper, a weakling MiGl (D:3)
  3 howler monkeys
  2 electric eels (D:8)
  2 bullfrog zombies (D:5)
  7 orc priests
  3 hounds
  2 jellies
  A human zombie (D:5)
  Crazy Yiuf (D:2)
  A gnoll bouda (D:6)
  8 orc wizards
  Ijyb (D:4)
  A scorpion zombie (D:5)
  4 iguanas
  4 sleepcaps
  11 mummies
  A howler monkey zombie (D:5)
  5 gnolls
  5 adders
  2 ufetubi
  5 dart slugs
  34 orcs
  3 endoplasms
  2 giant cockroaches
  A gnoll zombie (Ossuary)
  14 goblins
  6 hobgoblins
  5 jackals (D:4)
  3 quokkas
  9 ball pythons
  4 bats
  2 frilled lizards (D:1)
  3 hobgoblin zombies (Ossuary)
  15 kobolds
  A kobold zombie (Ossuary)
  3 orc zombies (Ossuary)
  4 rats
236 creatures vanquished.

Notes
Turn   | Place    | Note
-------+----------+-------------------------------------------
     0 | D:1      | lonewolfV2 the Troll Berserker began the quest for the Orb.
     0 | D:1      | Reached XP level 1. HP: 22/22 MP: 0/0
    90 | D:1      | Reached XP level 2. HP: 29/29 MP: 1/1
   583 | D:2      | Reached XP level 3. HP: 36/36 MP: 2/2
   584 | D:2      | Reached ** piety under Trog
   685 | D:2      | Found a runed translucent door.
   686 | D:2      | Noticed Crazy Yiuf
   789 | D:2      | Found Rearisun's Weapon Shoppe.
   948 | D:2      | Noticed Sigmund
   955 | D:2      | Killed Sigmund
   956 | D:2      | Reached skill level 4 in Unarmed Combat
   956 | D:2      | Reached XP level 4. HP: 45/45 MP: 3/3
   956 | D:2      | Reached XP level 5. HP: 53/53 MP: 4/4
  1310 | D:2      | Killed Crazy Yiuf
  1623 | D:3      | Found a white marble altar of Elyvilon.
  1673 | D:3      | Reached skill level 5 in Unarmed Combat
  1789 | D:3      | Found a runed translucent gate.
  1828 | D:3      | Found a faded altar of an unknown god.
  1857 | D:3      | Reached XP level 6. HP: 59/61 MP: 5/5
  1935 | D:3      | Found a glowing golden altar of the Shining One.
  2003 | D:3      | Found a runed translucent gate.
  2003 | D:3      | Found an opulent altar of Gozag.
  2004 | D:3      | Found a runed translucent gate.
  2005 | D:3      | Noticed ranchalot's ghost (weakling MiGl)
  2021 | D:3      | Killed ranchalot's ghost
  2105 | D:3      | Found Uquar Fit's Assorted Antiques.
  2399 | D:4      | Reached skill level 6 in Unarmed Combat
  2399 | D:4      | Reached XP level 7. HP: 65/67 MP: 6/6
  2571 | D:4      | Found a sand-covered staircase.
  2575 | Ossuary  | Entered an ossuary
  2581 | Ossuary  | Reached *** piety under Trog
  3158 | D:4      | Found a glowing silver altar of Zin.
  3240 | D:4      | Reached skill level 7 in Unarmed Combat
  3443 | D:4      | Reached skill level 1 in Stealth
  3464 | D:4      | Found an opulent altar of Gozag.
  3471 | D:4      | Reached XP level 8. HP: 78/78 MP: 7/7
  3644 | D:4      | Noticed Ijyb
  3653 | D:4      | Killed Ijyb
  3666 | D:4      | Identified the +1 long sword of Valuable Assets {venom,
                  | rPois Will+}
  3861 | D:5      | Entered Level 5 of the Dungeon
  4100 | D:5      | Reached skill level 8 in Unarmed Combat
  4133 | D:5      | Reached skill level 5 in Dodging
  4135 | D:5      | Found a basalt altar of Yredelemnul.
  4139 | D:5      | Reached **** piety under Trog
  4796 | D:5      | Reached skill level 9 in Unarmed Combat
  5153 | D:6      | Reached XP level 9. HP: 44/84 MP: 8/8
  5311 | D:6      | Found a broken altar of Ashenzari.
  5798 | D:6      | HP: 3/85 [iguana (12)]
  5846 | D:7      | Reached skill level 10 in Unarmed Combat
  6252 | D:7      | Found a staircase to the Ecumenical Temple.
  6333 | D:7      | Found a blossoming altar of Fedhas.
  6359 | D:7      | Reached skill level 5 in Fighting
  6364 | D:7      | Found a shimmering altar of Xom.
  6801 | D:8      | Found a staircase to the Lair.
  6802 | D:8      | Noticed a komodo dragon
  6824 | D:8      | Killed a komodo dragon
  6825 | D:8      | Reached skill level 1 in Evocations
  6825 | D:8      | Reached XP level 10. HP: 37/96 MP: 9/9
  6953 | D:8      | Found a shadowy altar of Dithmenos.
  6953 | D:8      | Identified the +6 scale mail "Cugit" {Str+5}
  6970 | D:8      | Reached skill level 11 in Unarmed Combat
  7346 | D:8      | Reached ***** piety under Trog
  7627 | D:8      | Found a sacrificial altar of Ru.
  7848 | D:9      | Noticed Amaemon
  7848 | D:9      | Noticed an orange demon
  7855 | D:9      | Killed Amaemon
  7859 | D:9      | Killed an orange demon
  7926 | D:9      | Noticed a two-headed ogre
  7938 | D:9      | Killed a two-headed ogre
  8030 | D:9      | Found a stormy altar of Qazlal.
  8134 | D:9      | Noticed a two-headed ogre
  8141 | D:9      | Killed a two-headed ogre
  8142 | D:9      | Reached skill level 12 in Unarmed Combat
  8243 | D:9      | HP: 4/147 [killer bee (6)]
  8243 | D:9      | Slain by a killer bee

Illustrated notes

Levels and vault maps discovered:
D:1:      dpeg_arrival_rooms_b, layout_rooms
D:2:      layout_basic, serial_shops, nicolae_shop_bloodbath_and_beyond,
          grunt_ministairs_11, uniq_sigmund, uniq_crazy_yiuf_cottage
D:3:      cheibrodos_old_hovel, layout_loops_ring, tso_metal_star,
          nicolae_elyvilon_peaceful_grove,
          shapermc_ecumenical_altar_starsandcircs, serial_shops, shop,
          ebering_ghost_gozag, kennysheep_generic_room_14
D:4:      kennysheep_goblin_castle, layout_gridville,
          mainiacjoe_overflow_surrounded_room, overflow_temple_1_default,
          enter_ossuary_5, kennysheep_orc_chapel
D:5:      layout_basic, lemuel_mausoleum_altar_yredelemnul, hellmonk_no_cap
D:6:      layout_gridville, kennysheep_mini
D:7:      layout_basic, general_overflow_altar, fedhas_altar_2, temple_green
D:8:      layout_loops_ring, lemuel_crystal_altar,
          grunt_dithmenos_smoke_and_mirrors, david_lair_shrubbed, minivault_14
D:9:      lemuel_troll_bridge, layout_irregular_city, lemuel_doored_altar,
          uniq_amaemon

Skill      XL: |  1  2  3  4  5  6  7  8  9 10 |
---------------+-------------------------------+-----
Fighting       | 3 4 5 6 |  6.2
Dodging        | 3 4 5 6 7 |  7.8
Unarmed Combat | 4 5 6 7 9 10 12 | 12.1
Stealth        | 1 2 |  2.4
Evocations     | 1 |  1.1
Axes           | |  0.7

Action                     |  1- 3 |  4- 6 |  7- 9 | 10-12 || total
---------------------------+-------+-------+-------+-------++-------
  Melee: Unarmed           |    78 |   100 |   354 |   136 ||   668
         Punch             |     1 |     2 |    14 |     7 ||    24
         Broad axe         |       |       |       |    20 ||    20
  Throw: Throwing net      |       |       |     2 |       ||     2
 Invoke: Berserk           |     2 |     1 |     4 |     4 ||    11
         Trog's Hand       |     1 |     1 |     2 |     2 ||     6
  Evoke: Wand              |       |       |    14 |       ||    14
    Use: Scroll            |       |     5 |    12 |     4 ||    21
   Stab: Sleeping          |       |       |     4 |       ||     4
 Armour: Animal skin       |    22 |    64 |   114 |    63 ||   263
  Dodge: Dodged            |    64 |    67 |   214 |   163 ||   508
